 Dungeon Crawl Stone Soup version 0.30.0-5-g1a98f26d00 (webtiles) character file.

Game seed: 2526395613516776346

3057 zlionsfan the Sneak (level 9, -6/62 HPs)
             Began as an Octopode Warper on May 8, 2023.
             Was a Priest of Dithmenos.
             Killed from afar by a steam dragon (15 damage)
             ... with a ball of steam
             ... on level 7 of the Dungeon.
             The game lasted 00:24:40 (6534 turns).

zlionsfan the Sneak (Octopode Warper)               Turns: 6534, Time: 00:24:41

Health: -6/62      AC:  3    Str: 10    XL:     9   Next: 87%
Magic:  16/16      EV: 14    Int: 24    God:    Dithmenos [***...]
Gold:   323        SH:  0    Dex: 11    Spells: 10/17 levels left

rFire   . . .        a - +9 dagger "Lareb" {protect, Will+ Str-3 Int+3}
rCold   . . .        (no shield)
rNeg    . . .        (helmet restricted)
rPois   .            (no amulet)
rElec   .            g - ring of wizardry
rCorr   +            j - ring of resist corrosion
SInv    .            n - +6 ring of intelligence
Will    +....        w - ring of flight
Stlth   ++++++       (no ring)
HPRegen 0.30/turn    (no ring)
MPRegen 0.15/turn    (no ring)
                     (no ring)

%: clarity, wizardry (x1)
@: flying, wreathed by umbra
A: almost no armour, amphibious, 8 rings, camouflage 1, gelatinous body 1,
(nimble swimmer 1), tentacles, iridescent scales 1, clarity, clumsy 1, no potion
heal 1
a: Renounce Religion, Shadow Step


You were on level 7 of the Dungeon.
You worshipped Dithmenos.
Dithmenos was most pleased with you.
You visited 1 branch of the dungeon, and saw 7 of its levels.
You also visited: Ossuary.

You collected 323 gold pieces.

Inventory:

Hand Weapons
 a - the +9 dagger "Lareb" (weapon) {protect, Will+ Str-3 Int+3}
   (You found it on level 3 of the Dungeon)

   Str:       It affects your strength (-3).
   Int:       It affects your intelligence (+3).
   Will:      It increases your willpower.
 b - a +2 arbalest
 c - a +5 glaive of flaming
Missiles
 k - 4 boomerangs
 q - 4 curare-tipped darts
Jewellery
 g - a ring of wizardry (left tentacle)
 j - a ring of resist corrosion (right tentacle)
 n - a +6 ring of intelligence (on tentacle)
 w - a ring of flight (on tentacle)
Wands
 s - a wand of mindburst (13)
 D - a wand of flame (17) (quivered)
Scrolls
 d - 2 scrolls of poison
 e - a scroll of magic mapping
 h - 3 scrolls of fear
 l - 2 scrolls of teleportation
 m - 4 scrolls of immolation
 o - a scroll of fog {unknown}
 y - a scroll of amnesia {unknown}
 B - 2 scrolls of blinking
Potions
 f - 8 potions of curing
 i - a potion of heal wounds
 p - a potion of ambrosia {unknown}
 r - a potion of haste {unknown}
 t - a potion of attraction {unknown}
 u - a potion of might {unknown}
 v - a potion of invisibility {unknown}
 x - a potion of berserk rage
 z - a potion of magic {unknown}
 A - a potion of resistance
 C - a potion of mutation


   Skills:
 * Level 5.7 Fighting
 * Level 5.9 Short Blades
 + Level 3.0 Axes
 + Level 0.1 Ranged Weapons
 + Level 1.5 Throwing
 + Level 3.8 Dodging
 + Level 7.8 Stealth
 * Level 4.9 Spellcasting
 * Level 4.0 Hexes
 + Level 4.2 Translocations
 + Level 2.7 Ice Magic
 + Level 0.2 Evocations


You had 10 spell levels left.
You knew the following spells:

 Your Spells              Type           Power      Damage    Failure   Level
a - Blink                 Tloc           52%        N/A       1%          2
b - Lesser Beckoning      Tloc           52%        N/A       1%          2
c - Ensorcelled Hibernat  Hex/Ice        44%        N/A       1%          2
d - Apportation           Tloc           52%        N/A       1%          1

Your spell library contained the following spells:

 Spells                   Type           Power      Damage    Failure   Level
 Teleport Other           Tloc           26%        N/A       1%          3
 Vhi's Electric Charge    Tloc/Air       32%        N/A       4%          3
 Sublimation of Blood     Necr           5%         N/A       6%          2
 Manifold Assault         Tloc           26%        N/A       6%          4
 Spider Form              Tmut/Pois      5%         N/A       11%         3
 Anguish                  Hex/Necr       7%         N/A       16%         4
 Petrify                  Tmut/Erth      5%         N/A       32%         4
 Alistair's Intoxication  Tmut/Pois      3%         N/A       65%         5
 Irradiate                Conj/Tmut      2%         3d12      65%         5


Dungeon Overview and Level Annotations

Branches:
Dungeon (7/15)             Temple (0/1) D:6         Ossuary (visited)

Altars:
Cheibriados
Dithmenos
Elyvilon
Hepliaklqana
Makhleb
Okawaru
Sif Muna
Uskayaw
Xom
Yredelemnul

Shops:
D:7 (

Annotations:
D:5 Menkaure


Innate Abilities, Weirdness & Mutations

You cannot wear most types of armour.
You are amphibious.
You can wear up to eight rings at the same time.
Your skin changes colour to match your surroundings (Stealth+).
Your rubbery body absorbs attacks. (AC +1, EV +1)
((You are camouflaged when in or above water. (Stealth+)))
You have tentacles for arms and can constrict up to eight enemies at once.
You are partially covered in iridescent scales. (AC +2)
You possess an exceptional clarity of mind.
You are clumsy. (Dex -2)
Potions are less effective at restoring your health.


Message History

You feel strangely unstable.
The bullfrog is engulfed in a cloud of scalding steam.
The bullfrog hits you.
* * * LOW HITPOINT WARNING * * *
The steam dragon breathes steam at you. The ball of steam misses you.
The bullfrog is engulfed in a cloud of scalding steam. x2
The bullfrog hits you.
* * * LOW HITPOINT WARNING * * *
Your system partially rejects the healing.
You feel much better.
The bullfrog is engulfed in a cloud of scalding steam.
The bullfrog hits you.
You barely miss the steam dragon. You squeeze the steam dragon.
The steam dragon is lightly wounded.
The bullfrog barely misses you. The steam dragon barely misses you. x2
You hit the bullfrog.
Your weapon exudes an aura of protection.
You grab the bullfrog.
The bullfrog is almost dead.
You constrict the bullfrog, but do no damage.
The bullfrog closely misses you. The steam dragon breathes steam at you.
The ball of steam hits you!
* * * LOW HITPOINT WARNING * * *
A sky beast appears from thin air!
Reactivating autopickup.
The bullfrog misses you.
You hit the bullfrog.
You kill the bullfrog!
Dithmenos accepts your kill.
You are engulfed in a cloud of scalding steam.
* * * LOW HITPOINT WARNING * * *
Your surroundings suddenly seem different.
Found 4 stones.
A wyvern comes into view.
The steam dragon hisses angrily.
The steam dragon breathes steam at you. The ball of steam hits you!
You die...

#...#§~~~§§........†......####.
#...§§§..~~≈#.######..###.#.##.
#.#≈§~§.?.~D....#....†.# #.###
#...≈§.!##.~≈..#.#.##...##.#.#
#
#...≈~#/#$#~≈..#...........#.#
....≈~.##$.~≈...........####.#
#.#..≈~.(..~§≈#§..............#
.§~~..~≈§..§###.###########
#§§~~~§#§..@.<.....
#≈≈≈≈....##########
......#...........l..
...........#########.
...###....## ## ######


There were no monsters in sight!

Vanquished Creatures
  Maggie (D:6)
  Prince Ribbit (D:5)
  A wraith (D:5)
  A water moccasin (D:7)
  2 orc warriors
  2 ice beasts
  2 sky beasts (D:7)
  A black bear (D:4)
  3 ogres
  Blork the orc (D:5)
  4 bullfrogs
  A gnoll sergeant (D:7)
  2 scorpions
  3 wights (D:7)
  A howler monkey (D:5)
  2 hounds
  A jelly (D:4)
  2 orc priests
  A sleepcap (D:6)
  8 iguanas
  Natasha (D:3)
  4 orc wizards (D:7)
  4 mummies (Ossuary)
  4 gnolls (D:7)
  5 adders
  A white imp (D:5)
  A worm (D:4)
  2 dart slugs
  15 orcs
  5 bats
  7 endoplasms
  4 giant cockroaches
  4 gnoll zombies (Ossuary)
  4 goblins
  7 hobgoblins
  2 jackals (D:3)
  3 quokkas
  8 ball pythons
  5 frilled lizards
  5 gnoll skeletons (Ossuary)
  7 goblin skeletons (Ossuary)
  5 goblin zombies (Ossuary)
  5 hobgoblin skeletons (Ossuary)
  4 hobgoblin zombies (Ossuary)
  9 kobolds
  4 kobold skeletons (Ossuary)
  6 kobold zombies (Ossuary)
  2 orc skeletons (Ossuary)
  2 orc zombies (Ossuary)
  7 rats
  2 rat skeletons (Ossuary)
  4 rat zombies (Ossuary)
188 creatures vanquished.

Vanquished Creatures (others)
  An orc wizard (D:4)
1 creature vanquished.

Grand Total: 189 creatures vanquished

Notes
Turn   | Place    | Note
-------+----------+-------------------------------------------
     0 | D:1      | zlionsfan the Octopode Warper began the quest for the Orb.
     0 | D:1      | Reached XP level 1. HP: 14/14 MP: 3/3
    82 | D:1      | Reached XP level 2. HP: 18/19 MP: 5/5
   110 | D:1      | Learned a level 2 spell: Blink
   113 | D:1      | Learned a level 2 spell: Lesser Beckoning
   350 | D:1      | Reached XP level 3. HP: 25/25 MP: 3/6
   901 | D:2      | Found a shimmering altar of Xom.
  1430 | D:2      | Learned a level 2 spell: Ensorcelled Hibernation
  1713 | D:3      | Identified the +9 dagger "Lareb" {protect, Will+ Str-3
                  | Int+3}
  2087 | D:3      | Reached XP level 4. HP: 30/30 MP: 7/7
  2089 | D:3      | Learned a level 1 spell: Apportation
  2100 | D:3      | Noticed an ogre
  2213 | D:3      | Noticed Natasha
  2214 | D:3      | Killed an ogre
  2215 | D:3      | Reached skill level 1 in Stealth
  2215 | D:3      | Reached XP level 5. HP: 21/36 MP: 5/8
  2221 | D:3      | Killed Natasha
  2291 | D:3      | Found a shadowy altar of Dithmenos.
  2300 | D:3      | Became a worshipper of Dithmenos the Shadowed
  2722 | D:4      | Reached skill level 2 in Stealth
  2726 | D:4      | Reached skill level 1 in Short Blades
  2744 | D:4      | Noticed a black bear
  2757 | D:4      | Killed a black bear
  2758 | D:4      | Reached skill level 1 in Hexes
  2758 | D:4      | Reached XP level 6. HP: 29/42 MP: 0/9
  2763 | D:4      | Gained mutation: You are clumsy. (Dex -2) [potion of
                  | mutation]
  2763 | D:4      | Gained mutation: You are partially covered in iridescent
                  | scales. (AC +2) [potion of mutation]
  2763 | D:4      | Gained mutation: Potions are less effective at restoring
                  | your health. [potion of mutation]
  2763 | D:4      | Gained mutation: You possess an exceptional clarity of
                  | mind. [potion of mutation]
  2908 | D:4      | Found an iron altar of Okawaru.
  2930 | D:4      | Found a snail-covered altar of Cheibriados.
  3060 | D:4      | Found a hazy altar of Hepliaklqana.
  3148 | D:4      | Reached skill level 3 in Stealth
  3148 | D:4      | Reached XP level 7. HP: 40/46 MP: 8/11
  3151 | D:4      | Reached * piety under Dithmenos
  3313 | D:5      | Entered Level 5 of the Dungeon
  3318 | D:5      | Found a sand-covered staircase.
  3323 | Ossuary  | Entered an ossuary
  3349 | Ossuary  | Reached skill level 1 in Ice Magic
  3518 | Ossuary  | Reached ** piety under Dithmenos
  3970 | D:5      | Found a hide-covered altar of Uskayaw.
  4045 | D:5      | Reached skill level 4 in Stealth
  4101 | D:5      | Noticed Menkaure
  4288 | D:5      | Noticed a wraith
  4293 | D:5      | Killed a wraith
  4294 | D:5      | Reached XP level 8. HP: 54/54 MP: 11/13
  4305 | D:5      | Found a basalt altar of Yredelemnul.
  4305 | D:5      | Noticed Prince Ribbit
  4312 | D:5      | Killed Prince Ribbit
  4313 | D:5      | Reached skill level 5 in Stealth
  4319 | D:5      | Noticed Blork the orc
  4338 | D:5      | Killed Blork the orc
  4725 | D:6      | Reached skill level 5 in Short Blades
  4884 | D:6      | Found a burning altar of Makhleb.
  4889 | D:6      | Reached *** piety under Dithmenos
  5035 | D:6      | Reached skill level 6 in Stealth
  5042 | D:6      | Reached XP level 9. HP: 59/59 MP: 4/15
  5186 | D:6      | Noticed Maggie
  5194 | D:6      | Killed Maggie
  5372 | D:6      | Found a staircase to the Ecumenical Temple.
  5736 | D:7      | Reached skill level 5 in Fighting
  5773 | D:7      | Found a white marble altar of Elyvilon.
  5820 | D:7      | Reached skill level 7 in Stealth
  5936 | D:7      | Found a shimmering blue altar of Sif Muna.
  6081 | D:7      | Found Riemoc's Antique Weapon Boutique.
  6534 | D:7      | Killed from afar by a steam dragon

Illustrated notes

Levels and vault maps discovered:
D:1:      zelgadis_glass_arrival_small, layout_basic, kennysheep_nondescript
D:2:      layout_basic, basic_altar, wander_ebering_terrifying_dragon_lair
D:3:      layout_loops_corners, mainiacjoe_overflow_chevrons, uniq_natasha
D:4:      layout_rooms, mainiacjoe_overflow_small_starburst,
          lemuel_coloured_pillars_altar, cheibriados_altar_1
D:5:      layout_basic, kennysheep_little_box, lemuel_tele_altar,
          mainiacjoe_overflow_brackets, enter_ossuary_2,
          kennysheep_small_square, uniq_menkaure, uniq_pikel,
          uniq_prince_ribbit1, uniq_blork_the_orc
D:6:      layout_loops_ring, lightli_temple_of_fire, temple_doors_e, uniq_maggie
D:7:      layout_basic, marbit_many_paths,
          mainiacjoe_overflow_concentric_impassable, tgw_sif, serial_shops,
          shop, hangedman_misty_isle

Skill      XL: |  1  2  3  4  5  6  7  8  9 |
---------------+----------------------------+-----
Axes           | 3 |  3.0
Stealth        | 1 2 3 4 6 7 |  7.8
Short Blades   | 1 2 4 5 |  5.9
Fighting       | 3 4 5 |  5.7
Dodging        | 3 |  3.8
Hexes          | 1 2 3 4 |  4.0
Translocations | 4 |  4.2
Spellcasting   | 3 4 |  4.9
Ice Magic      | 1 2 |  2.7
Ranged Weapons | |  0.1
Throwing       | |  1.5
Evocations     | |  0.2

Action                     |  1- 3 |  4- 6 |  7- 9 || total
---------------------------+-------+-------+-------++-------
  Melee: Hand axe          |    84 |       |       ||    84
         Constrict         |    23 |    16 |    54 ||    93
         Tentacles         |    15 |    10 |    52 ||    77
         Dagger            |    14 |    59 |   228 ||   301
         Punch             |       |     4 |     5 ||     9
   Fire: Arbalest          |       |       |     1 ||     1
  Throw: Boomerang         |       |    12 |     1 ||    13
   Cast: Lesser Beckoning  |     3 |       |       ||     3
         Ensorcelled Hiber |     3 |     7 |    30 ||    40
         Apportation       |       |       |     1 ||     1
  Evoke: Wand              |       |       |     6 ||     6
    Use: Scroll            |       |     3 |    13 ||    16
         Potion            |       |     3 |     1 ||     4
   Stab: Sleeping          |     6 |     5 |    33 ||    44
         Distracted        |       |       |     1 ||     1
 Armour: Skin              |     9 |    26 |    43 ||    78
  Dodge: Dodged            |    60 |    25 |   104 ||   189
